[Event "Almaty Open 2017"]
[Site "Almaty"]
[Date "2017.10.06"]
[Round "4"]
[White "Askarov, Bakhtiyar"]
[Black "Suleymenov, Alisher"]
[Result "1-0"]
[ECO "A45"]
[WhiteElo "2407"]
[BlackElo "2317"]
[Annotator "ChessBase"]
[PlyCount "99"]
[EventDate "2017.??.??"]
[EventType "swiss"]
[EventCountry "KAZ"]
[SourceTitle "playchess.com"]
[Source "ChessBase"]
[SourceQuality "1"]
[TimeControl "5400+30"]

1. d4 Nf6 2. Nc3 d5 3. Bf4 g6 4. Qd2 Bg7 5. Bh6 Bxh6 6. Qxh6 Bf5 7. O-O-O c5 8. e3 Nc6 9. f3 Qa5 10. g4 Bd7 11. Kb1 b5 12. dxc5 b4 13. Nb5 Rb8 14. Nd4 Qxc5 15. Nge2 a5 16. h4 a4 17. h5 a3 18. hxg6 fxg6 19. Bh3 Ne5 20. Qf4 Qd6 21. g5 Nh5 22. Bxd7+ Kxd7 23. Rxh5 Rhf8 24. Nb5 Rxf4 25. Nxd6 Rxf3 26. Rxh7 Kxd6 27. e4 e6 28. Ra7 Nc4 29. exd5 exd5 30. Rg7 Nxb2 31. Rxg6+ Kc5 32. Rc1 Rf2 33. Re6 Na4 34. Ka1 Nc3 35. Nxc3 bxc3 36. g6 Rg2 37. Ra6 Rb2 38. Rxa3 d4 39. Ra5+ Kb4 40. Ra8 Rbxc2 41. Rb8+ Kc4 42. Rxc2 Rxg6 43. Kb1 Kd3 44. Rb4 Rg4 45. a4 Rg1+ 46. Rc1 Rg2 47. Rd1+ Rd2 48. Kc1 Ke2 49. Rxd4 Ra2 50. R1d3 1-0